 Dungeon Sprint DCSS version 0.26.0-16-gc1dbca0489 (webtiles) character file.

Game seed: 341937779511825949

7200000 Groucho the Axe Maniac (level 27, -4/249 HPs)
             Began as a Formicid Fighter on Jan 18, 2021.
             Was the Champion of Makhleb.
             Slain by a meat berserker
             ... wielding a +9 battleaxe
              (45 damage)
             ... in the Dungeon (Sprint VIII: "Arena of Blood").
             The game lasted 00:05:14 (72 turns).

Groucho the Axe Maniac (Formicid Fighter)             Turns: 72, Time: 00:05:15

Health: -4/249     AC: 13    Str: 24    XL:     27
Magic:  33/54      EV: 32    Int:  9    God:    Makhleb [******]
Gold:   0          SH: 19    Dex: 19    Spells: 80/80 levels left

rFire    . . .     SeeInvis +   h - +∞ Axe of Woe
rCold    . . .     Faith    .   c - +0 kite shield
rNeg     . . .     Spirit   .   b - +0 scale mail
rPois    .         Reflect  .   (helmet unavailable)
rElec    .         Harm     .   (no cloak)
rCorr    .         Rampage  .   (no gloves)
Will     ++...                  (no boots)
Stlth    ++++++++..             (no amulet)
HPRegen  0.51/turn              k - +200 ring of slaying
MPRegen  0.34/turn              p - +200 ring of slaying

@: no status effects
A: permanent stasis, dig shafts and tunnels, four strong arms, antennae 3
a: Dig, Renounce Religion, Minor Destruction, Lesser Servant of Makhleb, Major
Destruction, Greater Servant of Makhleb


You were in the Dungeon.
You worshipped Makhleb.
Makhleb was exalted by your worship.
You visited 1 branch

Inventory:

Hand Weapons
 a - a +0 war axe
 h - the +∞ Axe of Woe (weapon)
   (You found it in the Dungeon)
 o - a +9 vorpal great sword
Armour
 b - a +0 scale mail (worn)
 c - a +0 kite shield (worn)
Jewellery
 f - a +100 ring of slaying
 i - a +30 ring of slaying
 j - a +30 ring of slaying
 k - a +200 ring of slaying (left hand)
 l - a +100 ring of slaying
 m - a +30 ring of slaying
 n - a +30 ring of slaying
 p - a +200 ring of slaying (right hand)
Potions
 d - a potion of might
 e - a potion of curing
 g - 2 potions of magic


   Skills:
 O Level 27 Fighting
 O Level 27 Short Blades
 O Level 27 Long Blades
 O Level 27 Axes
 O Level 27 Maces & Flails
 O Level 27 Polearms
 O Level 27 Staves
 + Level 21.0(24.0) Slings
 + Level 17.0 Bows
 + Level 19.5 Crossbows
 + Level 19.5(22.3) Throwing
 O Level 27 Armour
 O Level 27 Dodging
 O Level 27 Stealth
 O Level 27 Shields
 O Level 27 Unarmed Combat
 O Level 27 Spellcasting
 + Level 18.3 Conjurations
 + Level 22.6 Hexes
 + Level 19.6 Summonings
 + Level 19.6 Necromancy
 + Level 16.4 Translocations
 + Level 18.9 Transmutations
 + Level 17.6 Fire Magic
 + Level 17.7 Ice Magic
 + Level 15.2 Air Magic
 + Level 20.3 Earth Magic
 + Level 21.8 Poison Magic
 O Level 27 Invocations
 + Level 18.9 Evocations


You had 80 spell levels left.
You didn't know any spells.
Your spell library was empty.

Dungeon Overview and Level Annotations

Branches:
Dungeon (1/1)

Altars:
Makhleb


Innate Abilities, Weirdness & Mutations

You cannot be hasted, slowed, berserked, paralysed or teleported.
You can dig through walls and to a lower floor.
Your four strong arms can wield two-handed weapons with a shield.
You have a pair of large antennae on your head. (SInv)


Message History

Your base Slings skill increases to level 21!
Your Bows skill increases to level 17!
Your Air Magic skill increases to level 15!
Unknown command.
You hear a shout!
The dread calls on the powers of darkness!
The bag of meat convulses! x2; Your body is wracked with pain!
The meat berserker convulses!
You hear a shout!
A destroyer comes into view. It is wielding a +9 vorpal great sword.
You hear a shout! x2
The dread calls on the powers of darkness!
Your body is wracked with pain!
* * * LOW HITPOINT WARNING * * *
The meat berserker convulses!
You hear a shout!
An accursed comes into view.
The destroyer blinks!
The meat berserker hits you with a +9 battleaxe!!!
You die...

... ..... #.W.
...# . #... ...# .
..###... ...###..
......###..V...
......._....... .
{ #..§☼.# o..{
#_)§)§#
.....#o@O§○#...
#...oVM)†_).O.....
.....z§)###....o..
..W###... ...###..
.. #... {{.#{ .
{#.......#
........o{
.......O... ....


You could see an accursed, 2 destroyers, a sculptor of flesh, 2 dreads, 2 meat
berserkers and 3 bags of meat.

Vanquished Creatures
  A hell beast (D)
  3 royal mummies (D)
  Harold (D)
  4 vampire knights (D)
  13 ogres (D)
  5 two-headed ogres (D)
  3 liches (D)
  A hydra (D)
  18 orcs (D)
  A skeletal warrior (D)
50 creatures vanquished.

Notes
Turn   | Place    | Note
-------+----------+-------------------------------------------
     0 | D        | Found the +∞ Axe of Woe
     0 | D        | Groucho the Formicid Fighter began the quest for the Orb.
     0 | D        | Reached XP level 1. HP: 18/18 MP: 1/1
     1 | D        | Noticed a bag of meat
     1 | D        | Noticed a bag of meat
     3 | D        | Became a worshipper of Makhleb the Destroyer
     3 | D        | Noticed a bag of meat
     6 | D        | Noticed a bag of meat
     6 | D        | Noticed a bag of meat
     7 | D        | Noticed a meat berserker
     7 | D        | Noticed a meat berserker
     8 | D        | Noticed a bag of meat
     8 | D        | Noticed a meat berserker
     9 | D        | Noticed a meat berserker
     9 | D        | Killed a bag of meat
     9 | D        | Killed a bag of meat
     9 | D        | Reached * piety under Makhleb
     9 | D        | Noticed a bag of meat
     9 | D        | Noticed a meat berserker
    10 | D        | Reached XP level 2. HP: 24/24 MP: 2/2
    10 | D        | Reached XP level 3. HP: 29/29 MP: 3/3
    10 | D        | Reached XP level 4. HP: 35/35 MP: 4/4
    10 | D        | Reached XP level 5. HP: 41/41 MP: 5/5
    10 | D        | Reached XP level 6. HP: 47/47 MP: 6/6
    10 | D        | Reached XP level 7. HP: 52/52 MP: 7/7
    10 | D        | Reached XP level 8. HP: 58/58 MP: 8/8
    10 | D        | Reached XP level 9. HP: 64/64 MP: 9/9
    10 | D        | Reached XP level 10. HP: 70/70 MP: 10/10
    10 | D        | Reached XP level 11. HP: 75/75 MP: 11/11
    10 | D        | Reached XP level 12. HP: 81/81 MP: 12/12
    10 | D        | Reached XP level 13. HP: 86/86 MP: 13/13
    10 | D        | Killed a meat berserker
    10 | D        | Killed a meat berserker
    10 | D        | Killed a bag of meat
    10 | D        | Reached ** piety under Makhleb
    11 | D        | Reached skill level 27 in Axes
    11 | D        | Reached skill level 27 in Dodging
    11 | D        | Reached skill level 10 in Shields
    11 | D        | Reached XP level 14. HP: 109/109 MP: 14/14
    11 | D        | Reached XP level 15. HP: 115/115 MP: 15/15
    11 | D        | Reached XP level 16. HP: 121/121 MP: 16/16
    11 | D        | Killed a meat berserker
    12 | D        | Reached XP level 17. HP: 148/148 MP: 17/17
    13 | D        | Killed a meat berserker
    13 | D        | Reached *** piety under Makhleb
    14 | D        | Reached XP level 18. HP: 165/168 MP: 18/18
    14 | D        | Noticed a meat berserker
    15 | D        | Killed a meat berserker
    16 | D        | Reached XP level 19. HP: 182/182 MP: 19/19
    17 | D        | Reached **** piety under Makhleb
    18 | D        | Reached skill level 27 in Fighting
    18 | D        | Reached skill level 27 in Armour
    18 | D        | Reached skill level 27 in Shields
    18 | D        | Noticed a meat berserker
    19 | D        | Reached ***** piety under Makhleb
    20 | D        | Reached XP level 20. HP: 197/197 MP: 19/35
    20 | D        | Killed a meat berserker
    21 | D        | Reached XP level 21. HP: 204/204 MP: 19/39
    22 | D        | Killed a meat berserker
    22 | D        | Noticed a large bag of meat
    23 | D        | Reached XP level 22. HP: 212/212 MP: 19/45
    25 | D        | Noticed a large bag of meat
    25 | D        | Noticed a destroyer
    26 | D        | Killed a large bag of meat
    28 | D        | Noticed The Servant
    28 | D        | Noticed a meat berserker
    29 | D        | Killed a destroyer
    29 | D        | Reached ****** piety under Makhleb
    30 | D        | Reached XP level 23. HP: 171/219 MP: 21/49
    30 | D        | Killed a large bag of meat
    31 | D        | Reached skill level 27 in Invocations
    31 | D        | Noticed a destroyer
    32 | D        | Killed The Servant
    35 | D        | Killed a destroyer
    35 | D        | Noticed a large bag of meat
    36 | D        | Reached skill level 27 in Maces & Flails
    36 | D        | Reached skill level 27 in Polearms
    36 | D        | Reached skill level 27 in Unarmed Combat
    36 | D        | Reached skill level 27 in Spellcasting
    36 | D        | Reached XP level 24. HP: 99/227 MP: 22/54
    42 | D        | Noticed a destroyer
    43 | D        | Killed a large bag of meat
    43 | D        | Noticed a large bag of meat
    46 | D        | Noticed a tyrant
    48 | D        | Killed a tyrant
    49 | D        | Reached skill level 27 in Staves
    49 | D        | Reached XP level 25. HP: 175/234 MP: 26/54
    49 | D        | Noticed a destroyer
    49 | D        | Noticed an accursed
    49 | D        | Noticed a destroyer
    51 | D        | Noticed a tyrant
    51 | D        | Killed a destroyer
    52 | D        | Reached skill level 27 in Stealth
    52 | D        | Reached skill level 10 in Long Blades
    52 | D        | Killed a large bag of meat
    52 | D        | Killed a destroyer
    53 | D        | Reached XP level 26. HP: 195/242 MP: 28/54
    53 | D        | Killed a tyrant
    54 | D        | Reached skill level 27 in Long Blades
    55 | D        | Noticed a tyrant
    55 | D        | Noticed an accursed
    56 | D        | Noticed a large bag of meat
    57 | D        | Noticed an accursed
    59 | D        | Killed a tyrant
    61 | D        | Killed an accursed
    62 | D        | Reached skill level 27 in Short Blades
    62 | D        | Reached skill level 10 in Crossbows
    62 | D        | Reached skill level 10 in Throwing
    62 | D        | Reached skill level 10 in Summonings
    62 | D        | Reached skill level 10 in Necromancy
    62 | D        | Reached XP level 27. HP: 229/249 MP: 30/54
    62 | D        | Killed a large bag of meat
    63 | D        | Reached skill level 10 in Bows
    63 | D        | Reached skill level 5 in Air Magic
    65 | D        | Noticed a meat beast
    66 | D        | Killed an accursed
    67 | D        | Reached skill level 15 in Slings
    67 | D        | Reached skill level 10 in Fire Magic
    67 | D        | Reached skill level 10 in Ice Magic
    67 | D        | Noticed a dread
    68 | D        | Killed a meat beast
    68 | D        | Killed an accursed
    69 | D        | Reached skill level 15 in Bows
    69 | D        | Reached skill level 15 in Translocations
    70 | D        | Noticed a dread
    71 | D        | Noticed a dread
    72 | D        | Reached skill level 15 in Air Magic
    72 | D        | Noticed a destroyer
    72 | D        | Noticed an accursed
    72 | D        | Slain by a meat berserker

Illustrated notes

Levels and vault maps discovered:
D:        meatsprint

Skill      XL: |  1  2  3  4  5  6  7  8  9 10 11 12 13 14 15 16 17 18 19 20 21 22 23 24 25 26 27 |
---------------+----------------------------------------------------------------------------------+-----
Axes           | 22 27 | 27.0
Dodging        | 20 27 | 27.0
Fighting       | 9 17 22 24 27 | 27.0
Armour         | 9 17 22 24 27 | 27.0
Shields        | 10 18 23 26 27 | 27.0
Maces & Flails | 11 14 19 22 27 | 27.0
Polearms       | 11 14 19 22 27 | 27.0
Unarmed Combat | 11 14 19 22 27 | 27.0
Spellcasting   | 11 14 19 22 27 | 27.0
Invocations    | 13 16 22 25 27 | 27.0
Staves         | 13 27 | 27.0
Stealth        | 13 27 | 27.0
Long Blades    | 24 27 | 27.0
Short Blades   | 27 | 27.0
Slings         | 11 21 | 21.0
Bows           | 8 17 | 17.0
Crossbows      | 10 19 | 19.5
Throwing       | 10 19 | 19.5
Conjurations   | 9 18 | 18.3
Hexes          | 12 22 | 22.6
Summonings     | 10 19 | 19.6
Necromancy     | 10 19 | 19.6
Translocations | 16 | 16.4
Transmutations | 18 | 18.9
Fire Magic     | 17 | 17.6
Ice Magic      | 17 | 17.7
Air Magic      | 15 | 15.2
Earth Magic    | 20 | 20.3
Poison Magic   | 21 | 21.8
Evocations     | 18 | 18.9

Action                   |  1- 3 |  4- 6 |  7- 9 | 10-12 | 13-15 | 16-18 | 19-21 | 22-24 | 25-27 || total
-------------------------+-------+-------+-------+-------+-------+-------+-------+-------+-------++-------
Melee: Executioner's axe |     1 |       |       |       |     1 |     3 |     5 |    11 |    12 ||    33
  Use: Potion            |       |       |       |       |       |       |       |     1 |       ||     1
Dodge: Dodged            |       |       |       |       |       |       |       |     2 |       ||     2
Block: Kite shield       |       |       |       |       |       |       |       |     2 |       ||     2
